 Dungeon Crawl Stone Soup version 0.31-a0-544-gceb718e (webtiles) character file.

Game seed: 1884655484638631013

4 Dorkslayer the Covered (level 1, 0/14 HPs)
             Began as a Gargoyle Fighter on Aug 15, 2023.
             Slain by a kobold
             ... wielding a +0 whip
              (4 damage)
             ... on level 1 of the Dungeon.
             The game lasted 00:00:18 (217 turns).

Dorkslayer the Covered (Gargoyle Fighter)            Turns: 217, Time: 00:00:18

Health: 0/14       AC:  9    Str: 19    XL:     1   Next: 60%
Magic:  1/1        EV:  9    Int:  8    God:
Gold:   16         SH:  4    Dex:  9    Spells: 0/0 levels left

rFire   . . .        a - +0 war axe
rCold   . . .        c - +0 buckler
rNeg    + . .        b - +0 scale mail
rPois   ∞            (no helmet)
rElec   +            (no cloak)
rCorr   .            (no gloves)
SInv    .            (no boots)
Will    .....        (no amulet) Stlth
                     (no ring)
HPRegen 0.22/turn    (no ring)
MPRegen 0.07/turn

%: no passive effects
@: no status effects
A: sickness immunity, AC +2, negative energy resistance 1, electricity
resistance, torment resistance 1, petrification resistance
a: no special abilities


You were on level 1 of the Dungeon.
You visited 1 branch of the dungeon, and saw 1 of its levels.

You collected 16 gold pieces.

Inventory:

Hand Weapons
 a - a +0 war axe (weapon)
Armour
 b - a +0 scale mail (worn)
 c - a +0 buckler (worn)
Scrolls
 e - a scroll of identify {unknown}
Potions
 d - a potion of might


   Skills:
 + Level 3.3 Fighting
 + Level 1.8 Axes
 + Level 3.3 Armour
 * Level 0.1 Dodging
 + Level 3.3 Shields


You couldn't memorise any spells.
You didn't know any spells.
Your spell library was empty.

Dungeon Overview and Level Annotations

Branches:
Dungeon (1/15)

Altars:


Innate Abilities, Weirdness & Mutations

You are immune to sickness and miasma.
Your stone body is resilient. (AC +2)
You are immune to poison.
You resist negative energy. (rN+)
You are resistant to electric shocks. (rElec)
You are resistant to unholy torment.
You are immune to petrification.


Message History

e - a scroll labelled KYECWO KIBRUSH
Found a ring mail.
You now have 16 gold pieces.
You open the door.
There is an open door here.
A ball python comes into view.
You slash the ball python!
You kill the ball python!
A kobold comes into view. It is wielding a +2 whip of venom.
Found 4 stones.
The kobold shouts!
The kobold throws a stone.
The stone hits you but does no damage.
Found 3 stones.
You closely miss the kobold. The kobold closely misses you.
You block the kobold's attack.
You slash the kobold!
You kill the kobold!
Things that are here:
a +2 whip of venom; 4 stones
Things that are here:
a +2 whip of venom; 4 stones A kobold comes into view.
It is wielding a +0 whip.
The kobold shouts!
As you open the door, it creaks loudly!
The kobold throws a stone.
The stone closely misses you.
There is an open door here.
The kobold throws a stone.
The stone hits you but does no damage.
The kobold throws a stone.
The stone barely misses you.
The kobold throws a stone.
The stone completely misses you. You block the kobold's attack.
You closely miss the kobold. The kobold hits you but does no damage.
You hit the kobold but do no damage. The kobold closely misses you.
The kobold hits you with a +0 whip.
You barely miss the kobold. The kobold barely misses you.
You closely miss the kobold. The kobold hits you with a +0 whip. x2
You hit the kobold but do no damage. The kobold hits you with a +0 whip.
You closely miss the kobold. The kobold hits you with a +0 whip.
* * * LOW HITPOINT WARNING * * *
You closely miss the kobold. The kobold hits you with a +0 whip.
You die...

###### #....#.####
#### #....#....# #...
####....#....# #...
..(.....#....# #...
......#)#....###
##...######.#........#
#...K................#
#....@......##.......#
#...............######
#.....(..........# ###
#.#+#.......####.###..
........#'#### #...#.#
###.#.####.# #...#.#
#. ..#######...#.# #
#######...........
#....##.#####.##.#


You could see a kobold.

Vanquished Creatures
  A ball python (D:1)
  A giant cockroach (D:1)
  A kobold (D:1)
3 creatures vanquished.

Notes
Turn   | Place    | Note
-------+----------+-------------------------------------------
     0 | D:1      | Dorkslayer the Gargoyle Fighter began the quest for the
                  | Orb.
     0 | D:1      | Reached XP level 1. HP: 14/14 MP: 1/1
   217 | D:1      | Slain by a kobold

Illustrated notes

Levels and vault maps discovered:
D:1:      minmay_arrival_arboretum_small, layout_basic

Action                     || total
---------------------------++-------
  Melee: War axe           ||    17
 Armour: Scale mail        ||     7
  Dodge: Dodged            ||    10
  Block: Buckler           ||     3

Table legend: (Time is in decaauts)
 A = Elapsed time spent in this place.
 B = Non-inter-level travel time spent in this place.
 C = Inter-level travel time spent in this place.
 D = Time resting spent in this place.
 E = Time spent auto-exploring this place.
 F = Levels seen in this place.
 G = Mean time per level.
                   A        B        C        D        E       F      G
               +--------+--------+--------+--------+--------+-----+--------+
         Total |    223 |    223 |      0 |      0 |    172 |   1 |  223.0 |
       Dungeon |    223 |    223 |      0 |      0 |    172 |   1 |  223.0 |
               +--------+--------+--------+--------+--------+-----+--------+

Top non-repeatable levels by time:
     D:1: 223 daAuts
